 Dungeon Crawl Stone Soup version 0.30-a0-772-g5528072 (webtiles) character file.

Game seed: 11917781276731288709

224 malesh the Firebug (level 6, -25/46 HPs)
             Began as a Hill Orc Fire Elementalist on Feb 12, 2023.
             Killed by an exploding black bear (39 damage)
             ... ignited by their inner flame
             ... on level 4 of the Dungeon.
             The game lasted 00:12:20 (3442 turns).

malesh the Firebug (Hill Orc Fire Elementalist)     Turns: 3442, Time: 00:12:21

Health: -25/46     AC:  6    Str: 11    XL:     6   Next: 0%
Magic:  1/10       EV: 12    Int: 17    God:
Gold:   163        SH:  0    Dex: 11    Spells: 2/11 levels left

rFire   . . .      SeeInvis .    a - +0 hand axe
rCold   . . .      Faith    .    (no shield)
rNeg    + . .      Spirit   .    k - +0 robe
rPois   .          Reflect  .    (no helmet)
rElec   .          Harm     .    (no cloak)
rCorr   .          Rampage  .    r - +0 pair of gloves
Will    .....                    o - +2 pair of boots
Stlth   ++                       (no amulet)
HPRegen 0.27/turn                g - ring of flight
MPRegen 0.12/turn                i - ring of positive energy

@: flying
A: no striking features
a: no special abilities


You were on level 4 of the Dungeon.
You visited 1 branch of the dungeon, and saw 4 of its levels.

You collected 163 gold pieces.

Inventory:

Hand Weapons
 a - a +0 hand axe (weapon)
Armour
 k - a +0 robe (worn)
 o - a +2 pair of boots (worn)
 r - a +0 pair of gloves (worn)
Jewellery
 g - a ring of flight (left hand)
 i - a ring of positive energy (right hand)
Scrolls
 c - a scroll of enchant weapon {unknown}
 f - 2 scrolls of fog
 l - a scroll of fear
 m - a scroll of teleportation
Potions
 b - a potion of magic
 d - a potion of resistance {unknown}
 e - 5 potions of heal wounds
 h - a potion of mutation
 j - a potion of might {unknown}
 n - 2 potions of cancellation {unknown}
 p - a potion of lignification {unknown}
 q - a potion of ambrosia


   Skills:
 + Level 0.8 Fighting
 + Level 0.9 Axes
 + Level 2.1 Dodging
 - Level 1.5 Stealth
 + Level 3.0 Spellcasting
 + Level 1.9 Conjurations
 + Level 4.9 Fire Magic


You had 2 spell levels left.
You knew the following spells:

 Your Spells              Type           Power      Damage    Failure   Level
a - Foxfire               Conj/Fire      56%        2x1d6     4%          1
b - Scorch                Fire           38%        2d6       3%          2
c - Inner Flame           Hex/Fire       11%        N/A       19%         3
d - Kindle Blastsparks    Fire/Tloc/Air  16%        2d11      26%         3

Your spell library contained the following spells:

 Spells                   Type           Power      Damage    Failure   Level
 Static Discharge         Conj/Air       10%        2-3/arc   19%         2
 Flame Wave               Conj/Fire      14%        2d6       38%         4
 Sticky Flame             Conj/Fire      14%        2d4       38%         4
 Vhi's Electric Charge    Tloc/Air       4%         N/A       45%         3
 Arcjolt                  Conj/Air       2%         1d12      97%         5
 Lightning Bolt           Conj/Air       2%         1d14      97%         5


Dungeon Overview and Level Annotations

Branches:
Dungeon (4/15)
 Temple: D:4-7

Altars:
Fedhas


Message History

Casting: Foxfire (safe; 4% risk of failure)
Confirm with . or Enter, or press ? or * to list all spells.
Okay, then.
Unknown command.
Casting: Foxfire (safe; 4% risk of failure)
Confirm with . or Enter, or press ? or * to list all spells.
Aiming: Inner Flame (dangerous; 19% risk of failure)
Press: ? - help, Dir - move target, f - black bear
Aim: a black bear (almost dead, chance to affect: 62%)
The black bear is filled with an inner flame.
The black bear goes berserk!
Casting: Inner Flame (dangerous; 19% risk of failure)
Confirm with . or Enter, or press ? or * to list all spells.
You don't have enough magic to cast this spell.
Unknown command.
Unknown command.
The black bear attacks as you move away!
The black bear bites you! The black bear claws you. x2
The black bear barely misses you.
The black bear claws you but does no damage.
The black bear claws you. The black bear bites you.
The black bear closely misses you. x2
The black bear bites you. The black bear misses you.
The black bear claws you but does no damage.
The black bear bites you! The black bear claws you. The black bear misses you.
You hit the black bear but do no damage.
The black bear is severely wounded.
The black bear bites you. The black bear claws you.
The black bear claws you but does no damage.
The black bear barely misses you. The black bear claws you.
The black bear closely misses you.
You hit the black bear.
Flame seeps out of the black bear.
The black bear is almost dead.
The black bear is engulfed in blazing flames.
The black bear explodes!
The fiery explosion engulfs the black bear!!
You kill the black bear!
The fiery explosion engulfs you!!!
Ouch! That really hurt!
You die...

#.# #<##.........
#.#
####............
#.#
##...###.........
#.#
#.....##.........
#.#
#........#.##.##
#.# #.....##....#.#
#.#####§g.g.....#.#
#
#....##○####.#....#
####.##@#
#.#.#...... #.##.#
#.#h# .>.## #....#
#.#†# ### #..###
#.#.. #..# #....
#..# #.#.. #..#
#..... # #..# ##
#..#


You could see a goblin.

Vanquished Creatures
  2 black bears (D:4)
  Natasha (thrice) (D:2)
  Robin (D:2)
  3 gnolls (D:3)
  5 adders
  A worm (D:2)
  2 dart slugs
  2 orcs (D:3)
  3 ball pythons
  3 endoplasms
  13 goblins
  5 hobgoblins
  3 jackals (D:1)
  2 quokkas
  8 bats
  3 frilled lizards
  A kobold (D:2)
  A rat (D:3)
61 creatures vanquished.

Vanquished Creatures (others)
  118 foxfires
118 creatures vanquished.

Grand Total: 179 creatures vanquished

Notes
Turn   | Place    | Note
-------+----------+-------------------------------------------
     0 | D:1      | malesh the Hill Orc Fire Elementalist began the quest for
                  | the Orb.
     0 | D:1      | Reached XP level 1. HP: 14/14 MP: 3/3
   203 | D:1      | Reached XP level 2. HP: 20/20 MP: 1/4
   282 | D:1      | Learned a level 2 spell: Scorch
   347 | D:1      | Reached skill level 4 in Fire Magic
   907 | D:2      | Reached XP level 3. HP: 26/26 MP: 0/5
   909 | D:2      | Noticed Robin
  1145 | D:2      | Noticed Natasha
  1151 | D:2      | Killed Natasha
  1231 | D:2      | Found a faded altar of an unknown god.
  1254 | D:2      | Noticed Natasha
  1260 | D:2      | Killed Natasha
  1261 | D:2      | Reached XP level 4. HP: 34/34 MP: 0/7
  1603 | D:2      | Killed Robin
  1747 | D:2      | Noticed Natasha
  1749 | D:2      | Killed Natasha
  1750 | D:2      | Reached XP level 5. HP: 39/39 MP: 4/8
  1930 | D:2      | Learned a level 3 spell: Inner Flame
  1934 | D:2      | Learned a level 3 spell: Kindle Blastsparks
  3096 | D:3      | Reached XP level 6. HP: 46/46 MP: 7/10
  3300 | D:4      | Found a blossoming altar of Fedhas.
  3421 | D:4      | Noticed a black bear
  3426 | D:4      | Noticed a black bear
  3442 | D:4      | Killed a black bear
  3442 | D:4      | Killed a black bear
  3442 | D:4      | Killed by an exploding black bear... ignited by their inner
                  | flame

Illustrated notes

Levels and vault maps discovered:
D:1:      heliophobic_arrival_dark_side_of_the_moon, layout_basic
D:2:      layout_basic, hellmonk_ecumenical_altar_zigzags,
          minmay_misc_feat_square, uniq_robin, uniq_natasha
D:3:      minmay_door_path, layout_basic, grunt_ministairs_13, st_stairs_7
D:4:      layout_loops_ring, lemuel_tele_altar, trog_ov_bears_minmay,
          fedhas_altar_fruit_tree

Skill      XL: |  1  2  3  4  5 |
---------------+----------------+-----
Fire Magic     | 4 |  4.9
Spellcasting   | 2 3 |  3.0
Dodging        | 2 |  2.1
Fighting       | |  0.8
Axes           | |  0.9
Stealth        | |  1.5
Conjurations   | |  1.9

Action                     |  1- 3 |  4- 6 || total
---------------------------+-------+-------++-------
  Melee: Unarmed           |    19 |       ||    19
         Punch             |     1 |       ||     1
         Hand axe          |     8 |    35 ||    43
   Cast: Foxfire           |    35 |    43 ||    78
         Scorch            |     3 |    16 ||    19
         Inner Flame       |       |     1 ||     1
    Use: Scroll            |       |     7 ||     7
 Armour: Robe              |    11 |    21 ||    32
  Dodge: Dodged            |    25 |    31 ||    56

Table legend: (Time is in decaauts)
 A = Elapsed time spent in this place.
 B = Non-inter-level travel time spent in this place.
 C = Inter-level travel time spent in this place.
 D = Time resting spent in this place.
 E = Time spent auto-exploring this place.
 F = Levels seen in this place.
 G = Mean time per level.
                   A        B        C        D        E       F      G
               +--------+--------+--------+--------+--------+-----+--------+
         Total |   3452 |   3283 |    169 |     52 |   2787 |   4 |  863.0 |
       Dungeon |   3452 |   3283 |    169 |     52 |   2787 |   4 |  863.0 |
               +--------+--------+--------+--------+--------+-----+--------+

Top non-repeatable levels by time:
     D:3: 1224 daAuts
     D:2: 1033 daAuts
     D:1: 933 daAuts
     D:4: 262 daAuts
